 Dungeon Crawl Stone Soup version 0.29-a0-96-g93358da72b (webtiles) character file.

Game seed: 12898760839686769896

12 dracfodder the Skirmisher (level 2, -4/20 HPs)
             Began as a Gargoyle Berserker on Feb 10, 2022.
             Was a Follower of Trog.
             Slain by a swamp drake (10 damage)
             ... on level 2 of the Dungeon.
             The game lasted 00:02:19 (456 turns).

dracfodder the Skirmisher (Gargoyle Berserker)       Turns: 456, Time: 00:02:20

Health: -4/20      AC: 11    Str: 20    XL:     2   Next: 33%
Magic:  2/2        EV:  7    Int:  7    God:    Trog [*.....]
Gold:   71         SH:  0    Dex:  9    Spells: 1/1 levels left

rFire   . . .      SeeInvis .   a - +0 mace
rCold   . . .      Faith    .   (no shield)
rNeg    + . .      Spirit   .   e - +0 chain mail
rPois   ∞          Reflect  .   (no helmet)
rElec   +          Harm     .   (no cloak)
rCorr   .          Rampage  .   (no gloves)
Will    .....                   (no boots)
Stlth   ..........              (no amulet)
HPRegen 0.06/turn               (no ring)
MPRegen 0.08/turn               (no ring)

@: no status effects
A: sickness immunity, AC +2, negative energy resistance 1, electricity
resistance, torment resistance 1, petrification resistance
a: Renounce Religion, Berserk


You were on level 2 of the Dungeon.
You worshipped Trog.
Trog was aware of your devotion.
You visited 1 branch of the dungeon, and saw 2 of its levels.

You collected 71 gold pieces.

Inventory:

Hand Weapons
 a - a +0 mace (weapon)
 c - a +0 spear
Missiles
 f - 16 stones (quivered)
 g - 5 atropa-tipped darts
Armour
 e - a +0 chain mail (worn)
Wands
 h - a wand of polymorph (2)
Scrolls
 d - a scroll of magic mapping {unknown}
Potions
 b - a potion of curing {unknown}


   Skills:
 * Level 3.8 Fighting
 + Level 3.1 Maces & Flails
 + Level 2.2 Armour
 + Level 1.6 Dodging


You had one spell level left.
You didn't know any spells.
Your spell library was empty.

Dungeon Overview and Level Annotations

Branches:
Dungeon (2/15)

Altars:


Innate Abilities, Weirdness & Mutations

You are immune to sickness and miasma.
Your stone body is resilient. (AC +2)
You are immune to poison.
You resist negative energy. (rN+)
You are resistant to electric shocks. (rElec)
You are resistant to unholy torment.
You are immune to petrification.


Message History

No target in view!
No target in view!
No target in view!
No target in view!
No target in view!
No target in view!
No target in view!
No target in view!
No target in view!
You now have 71 gold pieces (gained 9).
A worm comes into view.
Aiming: Polymorph
Press: ? - help, Shift-Dir - straight line, f - worm
Aim: a worm (will become a swamp drake, a meliai, or a water moccasin, chance to affect: 57%)
The worm evaporates and reforms as a swamp drake!
The swamp drake bites you but does no damage.
You hit the swamp drake.
The swamp drake is lightly wounded.
The swamp drake closely misses you.
You closely miss the swamp drake.
The swamp drake is lightly wounded.
The swamp drake bites you.
You hit the swamp drake.
The swamp drake is moderately wounded.
The swamp drake barely misses you. The swamp drake breathes poison at you.
The noxious blast engulfs you but does no damage.
You resist.
You sock the swamp drake!
The swamp drake is heavily wounded.
The swamp drake bites you!
* * * LOW HITPOINT WARNING * * *
You sock the swamp drake!
The swamp drake is severely wounded.
The swamp drake bites you but does no damage.
You hit the swamp drake but do no damage.
The swamp drake is severely wounded.
The swamp drake bites you!
Ouch! That really hurt!
You die...

# # ## #. ...
.####.### .... ..##
## . ####.#
#..##...
....#$.k.####.....#
.......@.......#
>......####....###
.....#########...#
..#..
..........####### .
##
...####..........
##.<.......
#.###..... #.#
..... #.# ....


You could see a swamp drake (catching breath).

Vanquished Creatures
  3 bats (D:1)
  2 giant cockroaches (D:1)
  A goblin (D:1)
  A hobgoblin (D:1)
  A kobold (D:1)
  A quokka (D:2)
  A frilled lizard (D:1)
10 creatures vanquished.

Notes
Turn   | Place    | Note
-------+----------+-------------------------------------------
     0 | D:1      | dracfodder the Gargoyle Berserker began the quest for the
                  | Orb.
     0 | D:1      | Reached XP level 1. HP: 14/14 MP: 1/1
   192 | D:1      | Reached XP level 2. HP: 18/19 MP: 2/2
   450 | D:2      | Noticed a swamp drake
   450 | D:2      | a worm changed into a swamp drake
   456 | D:2      | Slain by a swamp drake

Illustrated notes

Levels and vault maps discovered:
D:1:      nicolae_arrival_memento_mori, layout_rooms, nrook_mini_vaults
D:2:      layout_rooms, uniq_sigmund

Action                   || total
-------------------------++-------
Melee: Mace              ||    56
       Punch             ||     1
Evoke: Wand              ||     2
Armor: Scale mail        ||    17
       Animal skin       ||     3
       Chain mail        ||    20
Dodge: Dodged            ||    33

Table legend: (Time is in decaauts)
 A = Elapsed time spent in this place.
 B = Non-inter-level travel time spent in this place.
 C = Inter-level travel time spent in this place.
 D = Time resting spent in this place.
 E = Time spent auto-exploring this place.
 F = Levels seen in this place.
 G = Mean time per level.
                   A        B        C        D        E       F      G
               +--------+--------+--------+--------+--------+-----+--------+
         Total |    470 |    460 |     10 |      0 |    265 |   2 |  235.0 |
       Dungeon |    470 |    460 |     10 |      0 |    265 |   2 |  235.0 |
               +--------+--------+--------+--------+--------+-----+--------+

Top non-repeatable levels by time:
     D:1: 427 daAuts
     D:2: 43 daAuts
